 Dungeon Crawl Stone Soup version 0.29.1-1-gd02db6906a (webtiles) character file.

Game seed: 8479232749478592435

100 smilodon the Shield-Bearer (level 4, 0/45 HPs)
             Began as a Troll Fighter on Sept 18, 2022.
             Killed by nerve-wracking pain
             ... invoked by Jessica
              (11 damage)
             ... on level 2 of the Dungeon.
             The game lasted 00:02:53 (1602 turns).

smilodon the Shield-Bearer (Troll Fighter)          Turns: 1602, Time: 00:02:56

Health: 0/45       AC:  4    Str: 26    XL:     4   Next: 47%
Magic:  3/3        EV:  7    Int:  4    God:
Gold:   55         SH: 11    Dex:  9    Spells: 3/3 levels left

rFire   . . .      SeeInvis .     - Unarmed
rCold   . . .      Faith    .   e - +0 tower shield
rNeg    . . .      Spirit   .   a - +0 robe
rPois   .          Reflect  .   (helmet restricted)
rElec   .          Harm     .   (no cloak)
rCorr   .          Rampage  .   (gloves unavailable)
Will    .....                   (boots unavailable)
Stlth   +.........              (no amulet)
HPRegen 0.95/turn               (no ring)
MPRegen 0.08/turn               (no ring)

@: slowed, very slow
A: large, unfitting armour, claws 3, regeneration 1, shaggy fur 1, tough skin 1
a: no special abilities


You were on level 2 of the Dungeon.
You visited 1 branch of the dungeon, and saw 2 of its levels.

You collected 55 gold pieces.

Inventory:

Armour
 a - a +0 robe (worn)
 b - a +0 kite shield
 e - a +0 tower shield (worn)
Wands
 j - a wand of paralysis (5)
Scrolls
 d - 2 scrolls of identify
 g - a scroll of poison
 h - a scroll of teleportation {unknown}
 i - a scroll of butterflies {unknown}
 k - a scroll of vulnerability {unknown}
Potions
 c - a potion of might
 f - a potion of resistance {unknown}


   Skills:
 - Level 3.0 Fighting
 - Level 3.0 Dodging
 - Level 3.3 Shields
 + Level 3.0 Unarmed Combat


You had 3 spell levels left.
You didn't know any spells.
Your spell library contained the following spells:

 Spells                   Type           Power      Damage    Failure   Level
 Necrotise                Necr           0%         1d4       99%         1
 Vampiric Draining        Necr           0%         2d6       100%        3
 Agony                    Necr           0%         N/A       100%        5


Dungeon Overview and Level Annotations

Branches:
Dungeon (2/15)

Altars:

Shops:
D:1 [

Annotations:
D:2 Jessica


Innate Abilities, Weirdness & Mutations

You are too large for most types of armour.
You have claws for hands.
Your natural rate of healing is unusually fast.
You are covered in fur. (AC +1)
You have tough skin. (AC +1)


Message History

You block Jessica's attack. The quokka bites you.
You barely miss Jessica. You block Jessica's attack.
Jessica gestures at you while chanting. You resist with significant effort.
You block the quokka's attack.
You barely miss Jessica.
Jessica gestures wildly while chanting.
Jessica blinks!
You block the quokka's attack. x2
You scratch Jessica.
Jessica is moderately wounded.
Jessica points at you and mumbles some strange words.
Pain shoots through your body! The quokka bites you.
Jessica hits you with a +0 dagger.
You scratch Jessica but do no damage.
Jessica is moderately wounded.
Jessica mumbles something strange.
You block Jessica's attack. You block the quokka's attack.
Jessica hits you with a +0 dagger.
The quokka twitches its whiskers.
The quokka bites you.
You closely miss Jessica.
Jessica is moderately wounded.
Jessica casts a spell at you. Pain shoots through your body!
The quokka closely misses you.
Jessica gestures wildly while chanting.
Jessica blinks!
You closely miss the quokka. The quokka closely misses you.
Jessica mumbles some strange words.
Jessica blinks!
The quokka bites you but does no damage.
You miss the quokka. Jessica hits you but does no damage.
Jessica gestures at you while chanting.
You feel yourself slow down. The quokka barely misses you.
You miss the quokka. Jessica hits you with a +0 dagger. The quokka bites you.
Jessica gestures at you while chanting. Pain shoots through your body!
* * * LOW HITPOINT WARNING * * *
The quokka barely misses you.
Jessica points at you and mumbles some strange words.
Pain shoots through your body!
You die...

# ##.....## #.........# #
##.......## ###.#.#####
####.........####....#######.
...'......(..+...............
####.........####....########
# ##.......##.....#.#
##.....##....)...#
##...##..##'##..##
##'##..##.@.##..##
#.##..#..r@?#...#
########.##..#....!#...#
.........##..#?....#...#
.######...#..##..$##...#
#.....#..#####....#
##...###.......#.## #..##
#.........#
...######.#.######


You could see Jessica (fast, empowered) and a quokka.

Vanquished Creatures
  Robin (D:2)
  A gnoll (D:1)
  An adder (D:2)
  2 worms (D:2)
  A dart slug (D:1)
  2 bats
  3 endoplasms
  3 giant cockroaches
  14 goblins
  6 hobgoblins
  11 jackals
  A quokka (D:1)
  5 ball pythons
  A frilled lizard (D:1)
  3 kobolds
  2 rats (D:1)
57 creatures vanquished.

Notes
Turn   | Place    | Note
-------+----------+-------------------------------------------
     0 | D:1      | smilodon the Troll Fighter began the quest for the Orb.
     0 | D:1      | Reached XP level 1. HP: 22/22 MP: 0/0
   173 | D:1      | Reached XP level 2. HP: 29/29 MP: 1/1
   344 | D:1      | Found Wyolur's Armour Shop.
   365 | D:1      | Reached XP level 3. HP: 36/36 MP: 2/2
   552 | D:1      | Found a faded altar of an unknown god.
  1209 | D:2      | Noticed Robin
  1239 | D:2      | Reached XP level 4. HP: 12/44 MP: 3/3
  1269 | D:2      | Killed Robin
  1588 | D:2      | Noticed Jessica
  1602 | D:2      | Killed from afar by Jessica

Illustrated notes

Levels and vault maps discovered:
D:1:      lightli_arrival_statue_moat, layout_basic, serial_shops,
          nicolae_shop_crystal, ebering_ecumenical_altar_ruins
D:2:      layout_loops_corners, kennysheep_jessica_study, uniq_robin

Skill      XL: |  1  2  3  4 |
---------------+-------------+-----
Shields        | 3 |  3.3
Fighting       | 3 |  3.0
Dodging        | 3 |  3.0
Unarmed Combat | 3 |  3.0

Action                   |  1- 3 |  4- 6 || total
-------------------------+-------+-------++-------
Melee: Unarmed           |   140 |    55 ||   195
  Use: Potion            |     1 |     1 ||     2
       Scroll            |       |     1 ||     1
Armor: Robe              |    41 |    22 ||    63
Dodge: Dodged            |    43 |    14 ||    57
Block: Tower shield      |    91 |    43 ||   134
       Kite shield       |     4 |       ||     4
